 Dungeon Crawl Stone Soup version 0.28.0-53-g5a82cb258f (webtiles) character file.

Game seed: 1646117443512257038

4587 Peloso the Carver (level 10, -3/88 HPs)
             Began as a Minotaur Fighter on May 28, 2022.
             Was a Priest of Okawaru.
             Slain by a boulder beetle (4 damage)
             ... while petrified by a basilisk
             ... on level 12 of the Dungeon.
             The game lasted 00:12:02 (9236 turns).

Peloso the Carver (Minotaur Fighter)                Turns: 9236, Time: 00:12:02

Health: -3/88      AC: 11    Str: 30    XL:     10   Next: 18%
Magic:  9/9        EV:  2    Int:  5    God:    Okawaru [***...]
Gold:   218        SH:  0    Dex: 11    Spells: 9/9 levels left

rFire   . . .      SeeInvis +   a - +0 falchion (elec)
rCold   . . .      Faith    .   c - +0 buckler
rNeg    + + +      Spirit   .   y - +0 chain mail
rPois   ∞          Reflect  .   (helmet restricted)
rElec   .          Harm     .   (no cloak)
rCorr   .          Rampage  .   (no gloves)
Will    .....                   (no boots)
Stlth   ..........              (no amulet)
HPRegen 0.24/turn               e - +6 ring of strength
MPRegen 0.11/turn               j - ring of see invisible

@: petrified
A: horns 2, retaliatory headbutt
a: Renounce Religion, Heroism


You were on level 12 of the Dungeon.
You worshipped Okawaru.
Okawaru was most pleased with you.
You visited 1 branch of the dungeon, and saw 10 of its levels.

You collected 260 gold pieces.
You spent 42 gold pieces at shops.

Inventory:

Hand Weapons
 a - a +0 falchion of electrocution (weapon)
 b - a +2 battleaxe of flaming
Armour
 c - a +0 buckler (worn)
 y - a +0 chain mail (worn)
Jewellery
 e - a +6 ring of strength (left hand)
 j - a ring of see invisible (right hand)
 k - a ring of positive energy
Wands
 s - a wand of iceblast (10)
 v - a wand of flame (10)
 B - a wand of digging (5)
Scrolls
 g - 2 scrolls of blinking
 h - 3 scrolls of enchant weapon
 i - a scroll of vulnerability {unknown}
 l - 2 scrolls of fog
 m - 2 scrolls of fear
 n - 2 scrolls of immolation
 o - a scroll of holy word {unknown}
 p - a scroll of enchant armour {unknown}
 q - 2 scrolls of silence {unknown}
 r - 2 scrolls of noise
 x - a scroll of teleportation {unknown}
 A - a scroll of identify
Potions
 d - 4 potions of might
 f - a potion of brilliance
 t - a potion of magic
 u - a potion of cancellation {unknown}
 w - a potion of flight {unknown}
 z - a potion of heal wounds {unknown}


   Skills:
 + Level 7.9 Fighting
 + Level 11.2 Long Blades
 + Level 9.4 Armour
 + Level 3.7 Dodging
 + Level 1.6 Stealth
 + Level 7.6 Shields
 + Level 1.2 Invocations


You had 9 spell levels left.
You didn't know any spells.
Your spell library contained the following spells:

 Spells                   Type           Power      Damage    Failure   Level
 Summon Forest            Summ/Tloc      Unusable   N/A       N/A         5
 Summon Mana Viper        Hex/Summ       Unusable   N/A       N/A         5
 Summon Cactus Giant      Summ           Unusable   N/A       N/A         6

Dungeon Overview and Level Annotations

Branches:
Dungeon (9/15)             Temple (0/1) D:6            Lair (0/6) D:9
    Orc: D:9-12

Altars:
Elyvilon
Fedhas
Gozag
Hepliaklqana
Kikubaaqudgha
Nemelex Xobeh
Okawaru
Qazlal
Trog
Uskayaw
Vehumet
Yredelemnul
The Shining One

Shops:
D:5 ?   D:6 *


Innate Abilities, Weirdness & Mutations

You have a pair of horns on your head.
You reflexively headbutt those who attack you in melee.


Message History

Press: ? - help, Shift-Dir - straight line, f/p - boulder beetle
Aim: a boulder beetle (moderately wounded, inner flame)
The mass of ice explodes!
The iceblast engulfs the boulder beetle.
Flame seeps out of the boulder beetle.
The boulder beetle is heavily wounded.
The boulder beetle curls into a ball and begins rolling!
Aiming: Iceblast
Press: ? - help, Shift-Dir - straight line, f/p - boulder beetle
Aim: a boulder beetle (flame, heavily wounded, rolling, inner flame)
The mass of ice explodes!
The iceblast engulfs the boulder beetle!
Flame seeps out of the boulder beetle.
The boulder beetle is heavily wounded.
You hit the boulder beetle but do no damage.
Your headbutt misses the boulder beetle.
The boulder beetle is heavily wounded.
The boulder beetle hits you!!!
* * * LOW HITPOINT WARNING * * *
The boulder beetle stops rolling and uncurls.
The basilisk gazes at you.
You are slowing down.
Blink to where?
Press: ? - help, Dir - move target, p - boulder beetle
As you read the scroll of blinking, it crumbles to dust.
The boulder beetle curls into a ball and begins rolling!
Your limbs are stiffening.
Aiming: Throw Flame
Press: ? - help, Shift-Dir - straight line, f - boulder beetle
Aim: a boulder beetle (heavily wounded, rolling, inner flame, 100% to hit)
The puff of flame hits the boulder beetle.
Flame seeps out of the boulder beetle.
The boulder beetle is heavily wounded.
You have turned to stone.
The boulder beetle hits you but does no damage.
The boulder beetle stops rolling and uncurls.
The boulder beetle bites you!!
* * * LOW HITPOINT WARNING * * *
The boulder beetle bites you!
You die...

#....#
#....#
+....#
#....#
#..>.+
#.l..#
##'### #B##
#@.# ####(##
#.....# #
#.....###..+
#.........#
#.....#####
..###.....#
#........(#
#####.....#


You could see a boulder beetle (inner flame) and a basilisk.

Vanquished Creatures
  Harold (D:8)
  A cyclops (D:12)
  Maurice (D:9)
  A troll (D:9)
  Sigmund (D:3)
  3 steam dragons
  An ice beast (D:7)
  Duvessa (D:5)
  A sky beast (D:6)
  An ogre (D:7)
  An orc warrior (D:8)
  2 necrophages
  A centaur (D:5)
  3 kobold brigands
  A gnoll sergeant (D:9)
  2 bullfrogs
  2 scorpions (D:6)
  Dowan (D:5)
  3 howler monkeys (D:7)
  4 wights
  7 crimson imps (D:7)
  2 orc priests
  2 jellies
  A gnoll shaman (D:6)
  2 hounds
  A centaur skeleton (D:7)
  Jessica (D:2)
  A bullfrog skeleton (D:6)
  2 iguanas
  A scorpion zombie (D:5)
  2 hound skeletons (D:4)
  2 howler monkey zombies (D:8)
  9 gnolls
  12 adders
  4 white imps
  An adder skeleton (D:4)
  A dart slug (D:3)
  A worm (D:5)
  12 orcs
  6 endoplasms
  7 goblins
  5 hobgoblins
  5 quokkas
  8 ball pythons
  4 bats
  7 frilled lizards
  17 kobolds
  6 rats
161 creatures vanquished.

Vanquished Creatures (others)
  A human (D:9)
1 creature vanquished.

Grand Total: 162 creatures vanquished

Notes
Turn   | Place    | Note
-------+----------+-------------------------------------------
     0 | D:1      | Peloso the Minotaur Fighter began the quest for the Orb.
     0 | D:1      | Reached XP level 1. HP: 19/19 MP: 0/0
   316 | D:1      | Reached XP level 2. HP: 25/27 MP: 1/1
   363 | D:1      | Found a faded altar of an unknown god.
   874 | D:2      | Reached skill level 3 in Long Blades
   894 | D:2      | Reached skill level 1 in Dodging
   894 | D:2      | Reached XP level 3. HP: 33/33 MP: 2/2
  1045 | D:2      | Noticed Jessica
  1059 | D:2      | Killed Jessica
  1465 | D:2      | Reached XP level 4. HP: 40/40 MP: 3/3
  2010 | D:3      | Found an opulent altar of Gozag.
  2014 | D:3      | Found a radiant altar of Vehumet.
  2022 | D:3      | Found a basalt altar of Yredelemnul.
  2146 | D:3      | Noticed Sigmund
  2175 | D:3      | Killed Sigmund
  2176 | D:3      | Reached skill level 5 in Long Blades
  2176 | D:3      | Reached skill level 5 in Armour
  2176 | D:3      | Reached XP level 5. HP: 41/47 MP: 4/4
  2576 | D:4      | Reached XP level 6. HP: 46/53 MP: 5/5
  2912 | D:4      | Found a white marble altar of Elyvilon.
  2914 | D:4      | Found a hazy altar of Hepliaklqana.
  2917 | D:4      | Found a sparkling altar of Nemelex Xobeh.
  2918 | D:4      | Found a hide-covered altar of Uskayaw.
  2918 | D:4      | Found a glowing golden altar of the Shining One.
  2918 | D:4      | Found a bloodstained altar of Trog.
  2918 | D:4      | Found an iron altar of Okawaru.
  2984 | D:4      | Became a worshipper of Warmaster Okawaru
  3588 | D:4      | Reached skill level 6 in Long Blades
  3784 | D:5      | Entered Level 5 of the Dungeon
  3909 | D:5      | Found Neofaru's Magic Scroll Shoppe.
  3914 | D:5      | Bought a scroll of fog for 28 gold pieces
  3914 | D:5      | Bought a scroll of noise for 14 gold pieces
  4102 | D:5      | Found a blossoming altar of Fedhas.
  4107 | D:5      | Reached XP level 7. HP: 54/60 MP: 6/6
  4541 | D:5      | Noticed Duvessa
  4545 | D:5      | Noticed Dowan
  4546 | D:5      | Killed Duvessa
  4547 | D:5      | Reached skill level 5 in Fighting
  4553 | D:5      | Killed Dowan
  4680 | D:5      | Reached skill level 7 in Long Blades
  4926 | D:6      | Found Nellaarph's Needful Niceties.
  4978 | D:6      | Reached * piety under Okawaru
  5125 | D:6      | Reached skill level 5 in Shields
  5213 | D:6      | Reached XP level 8. HP: 63/69 MP: 7/7
  5489 | D:6      | Reached skill level 1 in Stealth
  5860 | D:7      | Reached skill level 8 in Long Blades
  6144 | D:7      | Reached ** piety under Okawaru
  6861 | D:6      | Reached skill level 9 in Long Blades
  6861 | D:6      | Reached XP level 9. HP: 65/77 MP: 8/8
  6964 | D:6      | Found a staircase to the Ecumenical Temple.
  7519 | D:8      | Reached *** piety under Okawaru
  7520 | D:8      | Reached skill level 10 in Long Blades
  7748 | D:8      | Noticed Harold
  7764 | D:8      | HP: 3/78 [Harold/+2 battleaxe of flaming (3)]
  7765 | D:8      | Killed Harold
  8300 | D:8      | Found a stormy altar of Qazlal.
  8434 | D:9      | Found an ancient bone altar of Kikubaaqudgha.
  8505 | D:9      | Reached skill level 1 in Invocations
  8629 | D:9      | Noticed a troll
  8634 | D:9      | Killed a troll
  8666 | D:9      | Noticed Maurice
  8683 | D:9      | Killed Maurice
  8684 | D:9      | Reached skill level 11 in Long Blades
  8684 | D:9      | Reached XP level 10. HP: 67/88 MP: 9/9
  8791 | D:9      | Found a staircase to the Lair.
  8959 | D:9      | You fall into a shaft and drop 3 floors!
  8966 | D:12     | Noticed a cyclops
  8980 | D:12     | Killed a cyclops
  9215 | D:12     | Noticed a boulder beetle
  9235 | D:12     | HP: 1/88 [boulder beetle (13)]
  9236 | D:12     | Slain by a boulder beetle

Illustrated notes

Levels and vault maps discovered:
D:1:      dpeg_arrival_fog, layout_rooms, basic_ecumenical_altar
D:2:      layout_loops_ring, uniq_jessica
D:3:      layout_basic, minmay_overflow_temple_star_quad, dk_vineyard_3,
          hangedman_glass_teeth, uniq_sigmund
D:4:      layout_gridville, grunt_temple_overflow_open
D:5:      layout_loops_ring, fedhas_bush_and_centaur_altar, serial_rivers,
          chequers_serial_rivers_large_b, chequers_serial_rivers_micro_a,
          chequers_serial_rivers_small_3, chequers_serial_rivers_micro_e,
          chequers_serial_rivers_marsh, chequers_serial_rivers_small_a,
          serial_shops, shop, chequers_jeans, corexii_item_surrounded_by_moat,
          uniq_duvessa
D:6:      layout_basic, minmay_temple_entry_statues_pillars,
          nicolae_alphabet_shops
D:7:      layout_gridville, minmay_nine_imps
D:8:      layout_cave_pools, grunt_qazlal_clouds, uniq_harold
D:9:      layout_basic, tgw_kikubaaqudgha, lair_entry_dummy,
          statue_in_the_mist_lemuel, uniq_erica, uniq_maurice
D:12:     layout_roguey, gammafunk_ghost_berserking_beasts

Skill      XL: |  1  2  3  4  5  6  7  8  9 |
---------------+----------------------------+-----
Fighting       | 4 5 6 7 |  7.9
Long Blades    | 3 5 6 7 9 11 | 11.2
Dodging        | 1 2 3 |  3.7
Shields        | 4 5 7 |  7.6
Armour         | 4 5 6 8 9 |  9.4
Stealth        | 1 |  1.6
Invocations    | 1 |  1.2

Action                   |  1- 3 |  4- 6 |  7- 9 | 10-12 || total
-------------------------+-------+-------+-------+-------++-------
Melee: Long sword        |    58 |   141 |   126 |       ||   325
       Headbutt          |     7 |    18 |    63 |     6 ||    94
       Falchion          |       |       |   134 |    19 ||   153
Invok: Heroism           |       |       |     8 |     1 ||     9
Evoke: Wand              |       |       |       |     7 ||     7
  Use: Potion            |     2 |       |     1 |       ||     3
       Scroll            |     1 |     2 |     3 |     3 ||     9
Armor: Scale mail        |    18 |    55 |    70 |       ||   143
       Chain mail        |       |       |     6 |     7 ||    13
Dodge: Dodged            |    28 |    68 |   119 |     6 ||   221
Block: Buckler           |    11 |    30 |    58 |     3 ||   102
